cohdb
Replays
Latest Replays
All Replays
Popular Replays
Top Player Replays
Match Explorer
How It Works
Community
CoH3 Stats
Reddit
Sign in to upload your games and track your stats! →
Sign in with Steam
Match 25688892
Unlisted
Match 25688892
Overview
Messages
Build Orders
End
Construct Section Command Post
Infantry Section
Infantry Section
Dingo Light Scout Car
Infantry Section
Construct Platoon Command Post
Unlock M3 Stuart Light Tanks
M3 Stuart Light Tank
M3 Stuart Light Tank
Selects Indian Artillery Battlegroup
Selects War Cry
Selects Gurkha Rifles Section
M3 Stuart Light Tank
SneaKerz
gb_gbg
bartis
Leodagan
0
0
Comments
sign in to comment!
No comments posted yet!